AoeStats
← Le Noob

Nomad

508233983Analyzed
2v2 RM · 12d ago on Sep 21, 2026· 28m 58s· 4 players
Game mode
Random Map
Map size
176×176
Population
200
Speed
Normal
Resources
Standard
Victory
Conquest
Starting age
Dark Age
Ending age
Imperial Age
RankedLock teamsTeams togetherTeam positionsShared explorationLock speedFull tech treeHidden civsTurbo modeCheats
Victory
Defeat
🇹🇼 Italians · Taiwan
1335
+22
🇹🇼 Japanese · Taiwan
1323
+22
🇫🇷 Persians · France
1500
-23
🇫🇷 Wu · France
1443
-21
La Légende [Tuc]
4:28 Loom
12:14 Feudal Age
16:34 Castle Age
16:33 Scale Barding Armor
19:11 Bloodlines
24:07 Chain Barding Armor
25:01 Wheelbarrow
26:24 Double-Bit Axe
Le Noob
12:27 Feudal Age
okok861023
4:38 Loom
14:41 Feudal Age
20:16 Castle Age
22:54 Forging
22:45 Scale Mail Armor
24:17 Double-Bit Axe
26:22 Arson
28:50 Squires
蛋頭叔叔
7:30 Loom
13:09 Feudal Age
13:59 Double-Bit Axe
15:47 Fishing Lines
20:41 Castle Age
18:46 Padded Archer Armor
18:36 Fletching
19:08 Horse Collar
21:30 Stone Mining
21:30 Gold Mining
22:20 Medium Warships
22:21 Gillnets
22:35 Bodkin Arrow
22:55 Leather Archer Armor
24:34 Wheelbarrow
24:30 Bow Saw
24:37 Town Watch
25:21 Ballistics
26:30 Treadmill Crane
Connection lost

Rejoining the realm…

Still unreachable

The connection could not be restored.

Session expired

The server has moved on; the page needs a fresh start.